AoeStats
← McFly

Nomad

510633988Analyzed
3v3 RM · 18h ago on Oct 1, 2026· 55m 52s· 6 players
Game mode
Random Map
Map size
210×210
Population
200
Speed
Normal
Resources
Standard
Victory
Conquest
Starting age
Dark Age
Ending age
Imperial Age
RankedLock teamsTeams togetherTeam positionsShared explorationLock speedFull tech treeHidden civsTurbo modeCheats
Victory
Defeat
🇬🇧 Koreans · United Kingdom
998
+14
🇬🇧 Vietnamese · United Kingdom
994
+15
🇬🇧 Burgundians · United Kingdom
913
+18
🇺🇸 Celts · United States
997
-17
🇬🇧 Franks · United Kingdom
958
-46
🇪🇸 Italians · Spain
930
-14
Kingzzman
3:48 Loom
16:17 Feudal Age
20:48 Castle Age
22:48 Fletching
26:08 Double-Bit Axe
26:41 Bodkin Arrow
26:55 Scale Barding Armor
28:26 Horse Collar
34:20 Bow Saw
35:51 Elite Skirmisher
37:11 Thumb Ring
37:49 Wheelbarrow
43:57 Imperial Age
45:05 Bracer
45:26 Chain Barding Armor
46:06 Imperial Skirmisher
50:45 Scale Mail Armor
50:56 Forging
56:20 Ballistics
57:00 Chemistry
55:36 Pikeman
Solboss
4:29 Loom
13:35 Feudal Age
17:10 Double-Bit Axe
18:30 Horse Collar
19:24 Fletching
20:57 Wheelbarrow
22:19 Padded Archer Armor
26:48 Castle Age
26:04 Scale Barding Armor
26:38 Bloodlines
29:20 Hand Cart
29:22 Bow Saw
29:23 Husbandry
33:04 Heavy Plow
32:32 Elite Skirmisher
33:59 Town Watch
35:01 Chain Barding Armor
35:03 Gold Mining
40:09 Imperial Age
38:11 Fishing Lines
38:42 Chatras
38:57 Forging
39:14 Bodkin Arrow
40:58 Iron Casting
41:39 Plate Barding Armor
42:14 Imperial Skirmisher
43:40 Ballistics
44:21 Chemistry
43:55 Leather Archer Armor
44:40 Bracer
45:10 Ring Archer Armor
45:01 Elite Battle Elephant
46:52 Hoardings
47:15 Thumb Ring
48:42 Siege Engineers
48:48 Masonry
51:14 Murder Holes
Raedwald
8:10 Loom
8:36 Double-Bit Axe
14:18 Fishing Lines
16:08 Wheelbarrow
17:32 Feudal Age
16:41 Horse Collar
22:03 Castle Age
20:58 Scale Barding Armor
21:04 Forging
22:06 Cavalier
27:36 Chain Barding Armor
28:38 Husbandry
28:37 Town Watch
29:47 Fletching
32:29 Light Cavalry
38:49 Imperial Age
39:20 Burgundian Vineyards
45:44 Paladin
53:17 Murder Holes
53:03 Treadmill Crane
53:45 Ballistics
53:37 Masonry
McFly
3:49 Loom
15:09 Feudal Age
15:32 Fishing Lines
17:14 Gold Mining
17:33 Arson
18:09 Man-at-Arms
18:57 Double-Bit Axe
21:18 Forging
21:10 Scale Mail Armor
25:57 Castle Age
26:59 Wheelbarrow
26:21 Pikeman
27:01 Fletching
28:13 Hand Cart
29:25 Stone Mining
31:52 Stone Shaft Mining
30:42 Crossbowman
31:27 Thumb Ring
31:36 Gillnets
34:43 Medium Warships
34:01 Demolition Ship
36:11 Elite Skirmisher
38:41 Town Watch
42:04 Bodkin Arrow
43:50 Iron Casting
49:56 Imperial Age
49:28 Scale Barding Armor
49:51 Light Cavalry
50:43 Bloodlines
51:48 Blast Furnace
51:08 Chain Barding Armor
50:52 Hussar
53:54 Bracer
alex.jd.devoy
4:56 Loom
24:10 Feudal Age
30:06 Double-Bit Axe
38:19 Castle Age
36:26 Gold Mining
43:04 Scale Barding Armor
43:10 Forging
44:05 Gold Shaft Mining
48:37 Imperial Age
46:07 Pikeman
JohnWick
6:02 Loom
15:58 Feudal Age
17:30 Wheelbarrow
16:43 Double-Bit Axe
17:01 Fishing Lines
18:26 Horse Collar
19:40 Stone Mining
22:25 Castle Age
20:54 Town Watch
23:59 Hand Cart
26:11 Gillnets
27:07 Scale Mail Armor
30:40 Pikeman
36:00 Imperial Age
34:35 Gold Mining
37:35 Chain Mail Armor
37:33 Forging
37:57 Halberdier
Connection lost

Rejoining the realm…

Still unreachable

The connection could not be restored.

Session expired

The server has moved on; the page needs a fresh start.